[Event "*** Titled Tuesday Blitz"]
[Site "Chess.com"]
[Date "2020.04.21"]
[Round "5"]
[White "ShahMatKanal"]
[Black "RovenVogel"]
[Result "0-1"]
[WhiteElo "2506"]
[BlackElo "2691"]
[TimeControl "180+1"]
[EndTime "10:57:53 PDT"]
[Termination "RovenVogel won on time"]

1. d4 Nf6 2. c4 e6 3. a3 d5 4. cxd5 exd5 5. Nc3 c6 6. Bg5 Be7 7. e3 Bf5 8. Bd3 Bxd3 9. Qxd3 O-O 10. Nge2 Ne4 11.
Bxe7 Qxe7 12. Ng3 Nd6 13. Nf5 Nxf5 14. Qxf5 Nd7 15. O-O a5 16. Rae1 g6 17. Qd3 Nf6 18. Na4 Ne4 19. f3 Nd6 20. e4 dxe4 21. fxe4 Rad8 22.
Nc3 Qe6 23. d5 Qe5 24. Kh1 c5 25. a4 Rde8 26. Re2 Qd4 27. Qc2 Re7 28. Rfe1 Rfe8 29. h3 h5 30. Nb5 Nxb5 31. axb5 b6 32. b3 h4 33. Qc4 Qe5 34. Qd3 Qd6 35. Qf3 Kg7 36.
Qg4 Rh8 37. Qf3 Qe5 38. Qg4 Rh5 39. Qf3 Rg5 40. Rf1 Rg3 41. Qf4 Qxf4 42. Rxf4 Rxb3 43. e5 Rd3 44. d6 Rxd6 45. Rxh4 Rd1+ 46. Kh2 Rb1 47. Rhe4 Rxb5 48. e6 Rxe6 49. Rxe6 fxe6 50. Rxe6 a4 51. Re7+ Kf6 52. Ra7 Ra5 53. Rb7 b5 54.
Rc7 b4 55. Rc6+ Kg7 56. Rc7+ Kf6 57. Rc6+ Kf5 58. g4+ Ke5 59. Rxg6 a3 0-1

[Event "*** Titled Tuesday Blitz"]
[Site "Chess.com"]
[Date "2020.04.21"]
[Round "5"]
[White "promen1999"]
[Black "Arjun2002"]
[Result "0-1"]
[WhiteElo "2913"]
[BlackElo "2667"]
[TimeControl "180+1"]
[EndTime "10:57:54 PDT"]
[Termination "Arjun2002 won by resignation"]

1. d4 d5 2. Nf3 Nf6 3. g3 c6 4. Bg2 Bg4 5. c4 e6 6. Nc3 Be7 7. h3 Bh5 8. Qb3 Qb6 9. c5 Qxb3 10.
axb3 Nfd7 11. g4 Bg6 12. Bf4 Na6 13. Kd2 Bd8 14. e3 Nc7 15. b4 a6 16. Bxc7 Bxc7 17.
b5 Ke7 18. b6 Bd8 19. b4 Rb8 20. Nh4 f6 21. f4 Bf7 22. Nf3 h5 23. e4 Nf8 24. f5 dxe4 25. Nxe4 Kd7 26. Nd6 Bg8 27. g5 Bxb6 28. gxf6 gxf6 29. h4 Bc7 30. Ne4 Rh6 31.
Bh3 exf5 32. Bxf5+ Be6 33. Bxe6+ Nxe6 34. Kc3 Rg8 35. Rad1 Rg4 36. Rhe1 Nf4 37. Nfd2 Nd5+ 38. Kb3 Rxh4 39. Nc4 Rh3+ 40. Kb2 Rg6 41. Rd2 Nxb4 42.
Kb1 Nd5 43. Ned6 Bxd6 44. Nxd6 Rgg3 45. Rb2 Rb3 46. Nxb7 Rxb2+ 47. Kxb2 Rd3 48. Nd6 Rxd4 49. Rg1 Rg4 50. Rh1 h4 51. Rh3 Nf4 52. Ra3 h3 53.
Ne4 h2 54. Ra1 Rg1 55. Kc3 Rxa1 56. Nxf6+ Ke6 57. Ng4 h1=Q 0-1

[Event "*** Titled Tuesday Blitz"]
[Site "Chess.com"]
[Date "2020.04.21"]
[Round "5"]
[White "LizaSolovyova"]
[Black "shyam"]
[Result "0-1"]
[WhiteElo "2489"]
[BlackElo "2653"]
[TimeControl "180+1"]
[EndTime "10:57:54 PDT"]
[Termination "shyam won by resignation"]

1. d4 Nf6 2. c3 g6 3. e3 Bg7 4. Be2 O-O 5. h4 d6 6. h5 e5 7. hxg6 hxg6 8. Nf3 Nc6 9. b3 Re8 10. d5 Nb8 11. c4 c5 12. Bb2 Na6 13. Nbd2 Bf5 14. Nh4 Bd7 15. g4 Qe7 16. e4 Nh7 17. Ng2 Bf6 18. Nf1 Kg7 19. Ng3 Rh8 20. Qd2 Ng5 21. O-O-O Nh3 22. Rdf1 Nc7 23. Kb1 a6 24. Ne3 Nf4 25. Rfg1 b5 26. Qa5 Qd8 27. Rxh8 Kxh8 28. Rh1+ Kg7 29. b4 bxc4 30. Nxc4 Bb5 31.
g5 Bxg5 32. Nxe5 dxe5 33. Bxe5+ Bf6 34. Bxf4 Nxd5 35. Bh6+ Kh7 36. Bg5+ Kg7 37. Bh6+ Kh7 38. Bd2+ Kg7 39. Qxd8 Rxd8 40. exd5 Rxd5 41. Bxb5 Rxd2 42. Bxa6 Rb2+ 43. Kc1 Rxa2 44. Bd3 cxb4 45. Bc4 Rxf2 46. Ne4 Rf4 47. Nxf6 Rxc4+ 48. Kb2 Kxf6 49. Rf1+ Kg7 50. Kb3 Rd4 51. Rf2 g5 0-1

[Event "*** Titled Tuesday Blitz"]
[Site "Chess.com"]
[Date "2020.04.21"]
[Round "5"]
[White "Kingsman132"]
[Black "WhiteKnight2612"]
[Result "1/2-1/2"]
[WhiteElo "2490"]
[BlackElo "2642"]
[TimeControl "180+1"]
[EndTime "10:57:55 PDT"]
[Termination "Game drawn - insufficient material"]

1. e4 e5 2. Nf3 Nc6 3. Bb5 a6 4. Bxc6 dxc6 5. O-O f6 6. d4 exd4 7. Qxd4 Bd6 8. e5 fxe5 9. Nxe5 Be6 10. Re1 Ne7 11.
Bg5 O-O 12. Bxe7 Qxe7 13. Nf3 Rae8 14. Nc3 Bc5 15. Rxe6 Bxd4 16. Rxe7 Bxf2+ 17. Kxf2 Rxe7 18. Re1 Rxe1 19. Kxe1 Kf7 20. Kd2 h6 21. a4 b6 22.
Ne5+ Ke6 23. Nd3 c5 24. Ke3 g5 25. b3 Kd6 26. Nb2 Re8+ 27. Kd3 Rf8 28. Nc4+ Ke6 29. Ke3 Rb8 30. Ne4 Kd5 31. Nf6+ Ke6 32. Ne4 Kd5 33. Nf6+ Ke6 34. Ng4 h5 35. Nf2 b5 36. axb5 axb5 37.
Nd2 Kd5 38. c4+ Kc6 39. Nfe4 Re8 40. Kf3 Re5 41. g3 Rf5+ 42. Ke3 Re5 43. h4 gxh4 44. gxh4 Rf5 45. Ng3 Rf8 46. Nde4 Rh8 47. Nf6 Rh6 48.
Ngxh5 Kb6 49. Kf4 Ka5 50. Kg5 Rh8 51. Nf4 Kb4 52. cxb5 Kxb3 53. h5 c4 54. N6d5 c3 55. Nxc3 Kxc3 56. Nd5+ Kd4 57. Nxc7 Ke5 58. Kg6 Kd6 59. Na6 Rg8+ 60. Kf7 Rg5 61. h6 Rxb5 62. Kg6 Rb7 63. h7 Rxh7 64. Kxh7 1/2-1/2

[Event "*** Titled Tuesday Blitz"]
[Site "Chess.com"]
[Date "2020.04.21"]
[Round "5"]
[White "Danfii"]
[Black "cholzan"]
[Result "0-1"]
[WhiteElo "2295"]
[BlackElo "2495"]
[TimeControl "180+1"]
[EndTime "10:57:55 PDT"]
[Termination "cholzan won by resignation"]

1. e4 e6 2. d4 d5 3. Nd2 Be7 4. Ngf3 f6 5. Bd3 Nh6 6. O-O Nf7 7. Re1 O-O 8. c3 c6 9. Nf1 Bd6 10. Ng3 Qc7 11. c4 Na6 12. a3 Bf4 13. b4 Bd7 14. Qc2 b5 15. e5 Bxc1 16. Bxh7+ Kh8 17. Raxc1 f5 18. Bxf5 exf5 19. cxd5 Nh6 20. d6 Qc8 21.
Nh4 Kg8 22. Ng6 Re8 23. Nf4 Nb8 24. d5 cxd5 25. Qxc8 Bxc8 26. Nxd5 Be6 27. Nc7 Nd7 28. Nxa8 Rxa8 29. Rc7 a5 30. Rec1 axb4 31. Rc8+ Rxc8 32. Rxc8+ Kf7 33. axb4 Nxe5 34. Rc5 Nc4 35. Rxb5 Nxd6 36. Rb6 Ke7 37. Ne2 Nhf7 38. Nf4 Bc4 39. Ng6+ Kf6 40.
Nf4 Ke5 41. Ng6+ Kd4 42. h4 Ne4 43. f3 Nc3 44. Rb7 Ke3 45. g4 f4 46. h5 Ng5 47.
Rxg7 Nxf3+ 48. Kg2 Ne1+ 49. Kh1 f3 50. Nh4 f2 51.
Ng2+ Nxg2 52. Kxg2 f1=Q+ 0-1

[Event "*** Titled Tuesday Blitz"]
[Site "Chess.com"]
[Date "2020.04.21"]
[Round "5"]
[White "BogdanDeac"]
[Black "vanea_03"]
[Result "1-0"]
[WhiteElo "2923"]
[BlackElo "2651"]
[TimeControl "180+1"]
[EndTime "10:57:56 PDT"]
[Termination "BogdanDeac won by resignation"]

1. e4 e5 2. Nf3 Nc6 3. Bb5 a6 4. Ba4 Nf6 5. O-O Bc5 6. Bxc6 dxc6 7. d3 Nd7 8. c3 O-O 9. d4 Bd6 10. Bg5 Qe8 11. Re1 h6 12. Bh4 c5 13. Bg3 exd4 14. cxd4 Bxg3 15. hxg3 cxd4 16. Qxd4 Nf6 17. Nc3 Be6 18.
Qc5 Rc8 19. Rad1 b6 20. Qa3 a5 21. Nd4 Rd8 22. f3 c5 23. Ndb5 Qc6 24. Qa4 Nh5 25. Kf2 Nf6 26. a3 Kh7 27. Qc2 Kg8 28.
Rxd8 Rxd8 29. Rd1 Rxd1 30. Qxd1 Nd7 31. Ke3 Kf8 32. f4 Ke7 33. Qd3 f6 34. a4 Nb8 35.
Nd5+ Kf7 36. Nbc3 Nd7 37. Kd2 c4 38. Qd4 f5 39. exf5 Bxf5 40. Ne3 g6 41. Qxc4+ Qxc4 42. Nxc4 g5 43. Ke3 Be6 44. Kd4 Bxc4 45. Kxc4 Kf6 46.
Kb5 Kf5 47. Kc6 Nc5 48. Kxb6 Nd3 49. fxg5 hxg5 50. Kxa5 Nxb2 51. Kb5 Kg4 52. a5 Kxg3 53. a6 Nd3 54. a7 1-0

[Event "*** Titled Tuesday Blitz"]
[Site "Chess.com"]
[Date "2020.04.21"]
[Round "5"]
[White "reniite"]
[Black "H3nriqueTV"]
[Result "1/2-1/2"]
[WhiteElo "1940"]
[BlackElo "2138"]
[TimeControl "180+1"]
[EndTime "10:57:56 PDT"]
[Termination "Game drawn - insufficient material"]

1. e4 c5 2. Nf3 b6 3. d4 cxd4 4. Nxd4 Bb7 5. Nc3 a6 6. g3 e6 7. Bg2 Qc7 8. O-O Nc6 9. Re1 Bc5 10. Nd5 Qd8 11. Nf5 exf5 12. exf5+ Nce7 13. Bf4 Bxd5 14. Qxd5 Nf6 15. Qxa8 Qxa8 16. Bxa8 O-O 17. Bg2 Nxf5 18.
Rad1 d6 19. c3 h6 20. b4 g5 21. Bc1 Bxf2+ 22. Kxf2 Ng4+ 23. Kg1 Rc8 24. h3 Nf6 25. Kh2 g4 26. Rd3 Rc4 27. Bf4 h5 28. Red1 h4 29. hxg4 Nxg4+ 30. Kg1 hxg3 31. Bxd6 Nf2 32. Be5 Nxd3 33.
Rxd3 Kh7 34. Bh3 Nh4 35. Rxg3 Ng6 36. Bf5 a5 37. Bxg6+ fxg6 38. bxa5 bxa5 39. Bd4 Ra4 40. Rh3+ Kg8 41. Rh2 Kf7 42. Rb2 g5 43. Kg2 Ke6 44.
Kg3 Kf5 45. Kf3 g4+ 46. Kg3 Ke4 47. Rf2 Kd3 48. Kxg4 Rc4 49. Kf5 a4 50. Ke5 a3 51.
Kd5 Rc8 52. Rh2 Rd8+ 53. Kc5 Rb8 54. Be5 Rb2 55. Rh3+ Ke4 56. Bd4 Rxa2 57. Rh4+ Kd3 58. c4 Rg2 59. Rh3+ Ke4 60. Rxa3 Rg5+ 61. Kb6 Kxd4 62. c5 Rxc5 63. Ra4+ Rc4 64. Rxc4+ Kxc4 1/2-1/2

[Event "*** Titled Tuesday Blitz"]
[Site "Chess.com"]
[Date "2020.04.21"]
[Round "5"]
[White "ChessTraining77"]
[Black "rpragchess"]
[Result "0-1"]
[WhiteElo "2799"]
[BlackElo "2770"]
[TimeControl "180+1"]
[EndTime "10:57:57 PDT"]
[Termination "rpragchess won on time"]

1. e4 e5 2. Nf3 Nc6 3. Bb5 a6 4. Ba4 Nf6 5. O-O b5 6. Bb3 Bc5 7.
c3 d6 8. d4 Bb6 9. Be3 O-O 10.
Nbd2 h6 11. h3 Re8 12. dxe5 Bxe3 13. exf6 Bxd2 14. Qxd2 Qxf6 15. Bd5 Bb7 16. Rae1 Rad8 17. Nd4 Nxd4 18. Bxb7 Ne6 19. Bc6 Rf8 20. a4 Nf4 21.
Kh2 Qh4 22. axb5 axb5 23. Qe3 Rb8 24. Rd1 Rb6 25. Bd7 Ng6 26. Bg4 h5 27. Be2 Qf4+ 28.
Qxf4 Nxf4 29. Rfe1 h4 30. Bf1 Ra8 31. e5 dxe5 32.
Rxe5 Ra2 33. Re8+ Kh7 34. Rd4 g5 35. Rd7 Kg7 36. Rxc7 Rf6 37. Bxb5 Rxb2 38. Bc4 Rxf2 39. Ree7 Nh5 40. Bd5 Ng3 41. Re1 Rf1 42. Rxf1 Rxf1 43.
Rxf7+ Rxf7 44. Bxf7 Kxf7 45. Kg1 Ke6 46. Kf2 Ne4+ 47. Kf3 Nxc3 48. Kg4 Kf6 49. g3 hxg3 50. Kxg3 Kf5 51. h4 g4 52. h5 Ne4+ 53. Kh4 Nf6 54.
h6 Nh7 0-1

[Event "*** Titled Tuesday Blitz"]
[Site "Chess.com"]
[Date "2020.04.21"]
[Round "5"]
[White "Violord"]
[Black "tigra"]
[Result "0-1"]
[WhiteElo "2607"]
[BlackElo "2781"]
[TimeControl "180+1"]
[EndTime "10:57:57 PDT"]
[Termination "tigra won by checkmate"]

1. e4 c5 2. Nf3 d6 3. c3 Nf6 4. Be2 g6 5. O-O Bg7 6. Bb5+ Nbd7 7. Re1 a6 8. Bf1 O-O 9. d4 cxd4 10. cxd4 d5 11.
e5 Ne4 12. Nc3 Nxc3 13. bxc3 Nb8 14. Bd3 Nc6 15. Ng5 b5 16. Be3 h6 17. Nf3 Bg4 18.
h3 Bxf3 19. Qxf3 e6 20. Qe2 Qd7 21. h4 Na5 22. h5 g5 23. f4 gxf4 24. Bxf4 Rac8 25.
Rac1 Qe7 26. Qg4 Kh8 27. Rf1 f5 28. exf6 Rxf6 29. Be5 Rxf1+ 30. Rxf1 Bxe5 31. dxe5 Rg8 32. Bg6 Nc4 33. Qf4 Qg7 34. Qf6 Nxe5 35. Qxe6 b4 36. cxb4 d4 37. Qd5 d3 38. Rf2 Qc7 39. Qd4 Rd8 40.
Qe3 d2 41. Qxh6+ Kg8 42. Rxd2 Qc1+ 43. Kh2 Ng4+ 44. Kg3 Nxh6 45. Rxd8+ Kg7 46. Rd7+ Kf6 47. Rd6+ Ke5 48. Rd3 Qf4+ 49. Kh3 Qg4+ 50. Kh2 Qh4+ 51. Kg1 Qe1+ 52. Kh2 Ng4+ 53. Kh3 Nf2+ 54. Kh4 Nxd3+ 55.
Kg5 Qe3+ 56. Kh4 Nf2 57. g3 Kf6 58. Be8 Qg5# 0-1

[Event "*** Titled Tuesday Blitz"]
[Site "Chess.com"]
[Date "2020.04.21"]
[Round "5"]
[White "dey2580"]
[Black "narutosmith"]
[Result "1/2-1/2"]
[WhiteElo "2449"]
[BlackElo "2264"]
[TimeControl "180+1"]
[EndTime "10:57:57 PDT"]
[Termination "Game drawn by repetition"]

1. d4 Nf6 2. Nf3 e6 3. g3 g6 4. Bg2 Bg7 5. O-O O-O 6. c4 d6 7. Nc3 Nc6 8. Qc2 a6 9. Rd1 Rb8 10. h3 Bd7 11. Bg5 h6 12. Be3 Kh7 13. a3 e5 14. dxe5 dxe5 15. Bc5 Re8 16. Nd5 Qc8 17. g4 e4 18. Nh2 b5 19. Rac1 bxc4 20. Qxc4 Be6 21.
Nxf6+ Bxf6 22. Qxe4 Na5 23. b4 Bb3 24. Qf3 Bxd1 25.
Qxf6 Qe6 26. Qxe6 Rxe6 27. Rxd1 Nb3 28. Bd5 Nxc5 29. Bxe6 Nxe6 30. Rd7 Kg7 31. Nf3 Rd8 32.
Rxd8 Nxd8 33. Nd4 Kf6 34. f4 Ke7 35. e4 Kd6 36. Kf2 c5 37. bxc5+ Kxc5 38. Ke3 Kc4 39.
e5 Kd5 40. Kd3 Nb7 41. Nc2 Nc5+ 42. Kc3 Ne4+ 43. Kb4 Nf2 44. Ka5 Nxh3 45. Kxa6 Nxf4 46. Kb5 Ne6 47. a4 Kxe5 48. Kb6 Kd6 49. Nd4 Nc7 50. a5 Kd7 51. Kb7 h5 52. gxh5 gxh5 53. Nf3 f5 54. Ne5+ Kd6 55. Nf7+ Kd7 56. Ne5+ Kd8 57.
Nc6+ Kd7 58. Ne5+ 1/2-1/2

[Event "*** Titled Tuesday Blitz"]
[Site "Chess.com"]
[Date "2020.04.21"]
[Round "5"]
[White "KNVB"]
[Black "noblerone"]
[Result "1-0"]
[WhiteElo "2762"]
[BlackElo "2452"]
[TimeControl "180+1"]
[EndTime "10:57:58 PDT"]
[Termination "KNVB won by resignation"]

1. c4 c6 2. d4 d5 3. Nf3 Nf6 4.
e3 Bg4 5. Nc3 e6 6. h3 Bh5 7. Qb3 Qb6 8. g4 Bg6 9. Qxb6 axb6 10.
Ne5 Nbd7 11. Nxg6 hxg6 12. g5 Ng8 13. cxd5 exd5 14. e4 dxe4 15. Nxe4 Bb4+ 16. Nc3 Ne7 17. Bd2 Nf5 18. d5 O-O 19. O-O-O Ne5 20. dxc6 bxc6 21. Bf4 Nf3 22. Bg2 N3d4 23. Kb1 Rad8 24. Rd3 Bxc3 25. bxc3 Ne2 26. Rxd8 Rxd8 27. Bc7 Rc8 28. Be5 Re8 29.
f4 Neg3 30. Rd1 c5 31. Bc6 Rc8 32. Bb7 Re8 33. a4 Ne3 34. Rd7 Nc4 35. Bd5 Nxe5 36.
fxe5 Rxe5 37. Bxf7+ Kf8 38. h4 Nf5 39. Bc4 Nxh4 40.
Rf7+ Ke8 41. Rb7 Re1+ 42. Kc2 Rg1 43. Rxb6 Rxg5 44. a5 Rg2+ 45. Kb1 Rg1+ 46. Ka2 Nf3 47. a6 Rg2+ 48. Rb2 Rxb2+ 49. Kxb2 Ne5 50. Bb5+ Kd8 51. a7 c4 52. a8=Q+ Ke7 53. Qe4 Kf6 54. Bxc4 g5 55.
Bd3 g6 56. c4 g4 57. Qf4+ Ke6 58. Kc3 g5 59. Qxg5 1-0

[Event "*** Titled Tuesday Blitz"]
[Site "Chess.com"]
[Date "2020.04.21"]
[Round "5"]
[White "Vuk2000"]
[Black "PavlovDanila"]
[Result "1/2-1/2"]
[WhiteElo "2609"]
[BlackElo "2751"]
[TimeControl "180+1"]
[EndTime "10:57:59 PDT"]
[Termination "Game drawn by repetition"]

1. d4 Nf6 2. Bg5 Ne4 3. Bf4 d5 4. e3 g6 5. Bd3 Bg7 6. Nf3 c5 7. c3 Nc6 8. Nbd2 Nxd2 9. Qxd2 O-O 10. O-O Bg4 11. Be2 Rc8 12. dxc5 e5 13. Nxe5 Nxe5 14.
Bxe5 Bxe2 15. Bxg7 Bxf1 16. Bxf8 Bxg2 17. Bh6 Bf3 18.
Qd4 f6 19. Qf4 Bh5 20. e4 Rxc5 21. Re1 Rc4 22. b3 g5 23. Qf5 Rxe4 24. Rxe4 dxe4 25. Qe6+ Bf7 26. Qf5 e3 27. fxe3 Qd1+ 28. Kf2 Qd2+ 29. Kf3 Bh5+ 30. Kg3 Qxe3+ 31. Kg2 Qd2+ 32. Kg1 Qd1+ 33.
Kg2 Qg4+ 34. Qxg4 Bxg4 35. Kg3 Bf5 36. h4 Kf7 37. hxg5 Kg6 38. Kf4 fxg5+ 39. Bxg5 Be6 40. Bd8 a6 41. Bc7 h5 42. Bd6 h4 43. b4 h3 44. Kg3 b5 45. a3 Bf5 46. Bc7 Kf6 47. Ba5 Ke6 48. Kh2 Kd5 49. Kg3 Kc4 50. Kh2 Kxc3 51. Kg3 Kd3 52. Kh2 Ke2 53. Kg3 Ke3 54.
Kh2 Kf3 55. Bb6 Kg4 56. Ba5 Kf3 57. Bb6 Ke4 58. Ba5 Kd3 59. Bb6 Kc4 60. Ba5 Kb3 61.
Kg3 Kxa3 62. Kh2 Kb3 63. Kg3 Kc4 64. Kh2 Kd5 65. Kg3 Kc4 66. Kh2 Be6 67. Kg3 Bf5 1/2-1/2

[Event "*** Titled Tuesday Blitz"]
[Site "Chess.com"]
[Date "2020.04.21"]
[Round "5"]
[White "DaggiGretarsson"]
[Black "mbachez"]
[Result "1-0"]
[WhiteElo "2604"]
[BlackElo "2430"]
[TimeControl "180+1"]
[EndTime "10:57:59 PDT"]
[Termination "DaggiGretarsson won by resignation"]

1. d4 Nf6 2. c4 Nc6 3. Nf3 e6 4.
g3 Bb4+ 5. Bd2 a5 6. Bg2 O-O 7.
O-O Bxd2 8. Qxd2 d6 9. Nc3 e5 10. d5 Nb8 11. Ne1 Na6 12. Nd3 Bg4 13. h3 Bd7 14. e4 Nh5 15. Rae1 g6 16. Kh2 Nc5 17. Nxc5 dxc5 18. f4 exf4 19. gxf4 Qh4 20. Qe3 b6 21. e5 Bf5 22. Be4 Ng7 23. Qg3 Qxg3+ 24. Kxg3 Rfd8 25. Rf2 a4 26. Rd2 a3 27. b3 Rd7 28.
Bf3 Rad8 29. Nb5 c6 30. Nd6 cxd5 31. cxd5 Rxd6 32. exd6 Bc8 33. Bg4 f5 34. Be2 Rxd6 35. Bb5 Bb7 36. Re7 Ba8 37. Ra7 Bxd5 38. Rxd5 Rxd5 39.
Bc4 Nh5+ 40. Kf3 Nf6 41. Rxa3 Kg7 42. Bxd5 Nxd5 43. Ra7+ Kf6 44. Rxh7 Nc3 45. Rb7 Nb5 46. Rxb6+ Ke7 47. Rxb5 Kd6 48. Rb6+ Kd5 49. Rxg6 Kd4 50.
h4 Kc3 51. h5 Kb2 52. h6 Kxa2 53. h7 Kxb3 54. h8=Q Kc4 55. Rd6 Kb3 56. Qc8 c4 57. Rb6+ Kc2 58. Rc6 Kd3 59. Rxc4 Kd2 60. Rd4+ Ke1 61.
Qe6+ Kf1 62. Qe2+ 1-0

[Event "*** Titled Tuesday Blitz"]
[Site "Chess.com"]
[Date "2020.04.21"]
[Round "5"]
[White "silverback96"]
[Black "SanchezKelvin"]
[Result "0-1"]
[WhiteElo "2182"]
[BlackElo "2404"]
[TimeControl "180+1"]
[EndTime "10:57:59 PDT"]
[Termination "SanchezKelvin won on time"]

1. d4 Nf6 2. c4 g6 3. g3 Bg7 4. Bg2 c5 5. d5 O-O 6. Nc3 e6 7.
Nf3 exd5 8. cxd5 d6 9. O-O Re8 10. Re1 Ne4 11. Nxe4 Rxe4 12. Nd2 Re8 13. e4 Nd7 14.
Nc4 Ne5 15. Nxe5 Bxe5 16. Qc2 b5 17. a4 b4 18. Be3 Qf6 19. Rab1 Bd7 20. b3 Rac8 21.
Qc4 Bc3 22. Re2 Bg4 23. f3 Bd7 24. Bd2 Qd4+ 25. Qxd4 Bxd4+ 26. Be3 Bc3 27. Bd2 c4 28.
Bxc3 bxc3 29. b4 Bxa4 30. Bf1 c2 31. Rc1 Bb3 32. Re3 Rb8 33. Rc3 Rxb4 34. Kf2 a5 35. Ke3 a4 36. Kd4 Rbb8 37. f4 Rec8 38. e5 Kf8 39. Bh3 Rd8 40. e6 fxe6 41. dxe6 Ke7 42. Re3 a3 43. Kc3 a2 44. Ree1 d5 45. Kd4 Rbc8 46. g4 c3 47. f5 Rc4+ 48. Kd3 Rf4 49. Rf1 Rxf1 50. Rxf1 gxf5 51. gxf5 Rf8 52. Kxc3 Rc8+ 53.
Kb2 c1=Q+ 54. Rxc1 Rxc1 55. Kxc1 a1=Q+ 0-1

[Event "*** Titled Tuesday Blitz"]
[Site "Chess.com"]
[Date "2020.04.21"]
[Round "5"]
[White "Sharpchess22"]
[Black "want2lose"]
[Result "0-1"]
[WhiteElo "2751"]
[BlackElo "2924"]
[TimeControl "180+1"]
[EndTime "10:58:02 PDT"]
[Termination "want2lose won by resignation"]

1. e4 e5 2. Nf3 Nc6 3. Bc4 Bc5 4. d3 Nf6 5. O-O h6 6. c3 O-O 7. a4 a6 8. h3 d6 9. Re1 Re8 10. Nbd2 Be6 11. Bxe6 Rxe6 12. b4 Ba7 13. Nf1 d5 14. Qc2 Qd7 15. b5 Ne7 16. exd5 Qxd5 17. c4 Qd6 18. Bb2 Ng6 19. Ng3 Rae8 20. Rad1 Bc5 21. d4 exd4 22. Rxe6 Qxe6 23. Nxd4 Bxd4 24. Bxd4 Rd8 25. c5 axb5 26. axb5 c6 27. bxc6 bxc6 28. Nf5 Rd5 29. Nd6 Nf4 30. Be3 Rxd1+ 31. Qxd1 N4d5 32. Bd4 Ne4 33. Qg4 Qxg4 34. hxg4 Nec3 35. Kf1 f6 36. f3 Nb5 37. Nxb5 cxb5 38. Bf2 Kf7 39. Bg3 Ke6 40. Ke2 Nb4 41. Kd2 Nc6 42. Bd6 g6 43. f4 f5 44. gxf5+ gxf5 45. Ke3 Kd5 46. g4 fxg4 47. f5 b4 48. Bf8 h5 49. Kf4 b3 50.
Bg7 Nd4 51. Bxd4 Kxd4 52. c6 b2 53. c7 b1=Q 54. c8=Q Qe4+ 55. Kg5 g3 56. Qd7+ Ke3 57. Qa7+ Kf3 58. Qg1 g2 59. f6 Qe3+ 60. Qxe3+ Kxe3 61. f7 g1=Q+ 62. Kh6 Qf2 63. Kg7 Qxf7+ 64. Kxf7 h4 0-1

[Event "*** Titled Tuesday Blitz"]
[Site "Chess.com"]
[Date "2020.04.21"]
[Round "5"]
[White "maxip32"]
[Black "Arman_Hakemi"]
[Result "1-0"]
[WhiteElo "2428"]
[BlackElo "2555"]
[TimeControl "180+1"]
[EndTime "10:58:02 PDT"]
[Termination "maxip32 won by resignation"]

1. e4 c6 2. d4 d5 3. e5 Bf5 4. h4 h5 5. c4 e6 6. Nc3 Nd7 7. cxd5 cxd5 8. Bd3 Bxd3 9. Qxd3 Be7 10. Nf3 Nh6 11. Bg5 Nf5 12. g3 a6 13. O-O O-O 14. Rac1 Rc8 15. Ne2 Bxg5 16. Nxg5 g6 17. Rc3 Qb6 18. Rfc1 Rxc3 19. bxc3 Qc6 20. Qf3 b5 21.
Nf4 Nxd4 22. Qd1 Nf5 23. Nxh5 Nxe5 24. f4 Qc5+ 25. Kh1 Nc4 26. Nf6+ Kg7 27. Nd7 Nxg3+ 28.
Kg2 Qa7 29. Qd4+ Qxd4 30. cxd4 Rd8 31. Nc5 Nf5 32. Ngxe6+ fxe6 33. Nxe6+ Kf6 34. Nxd8 Nxd4 35. Re1 Nd2 36. Rd1 N2f3 37. Kg3 Kf5 38. Nc6 Ke4 39. Nxd4 Nxd4 40. Kg4 Nf5 41. Re1+ Ne3+ 42. Kg5 d4 43. Kxg6 d3 44. h5 d2 45. Rg1 Ng2 46. h6 Ne1 47.
h7 d1=Q 48. h8=Q Qd6+ 49. Qf6 Qxf6+ 50. Kxf6 Nf3 51. Rc1 Kxf4 52. Ke6 Ke4 53. Kd6 Nd4 54. Kc5 Ne6+ 55. Kb6 Kd4 56. Kxa6 b4 57. Kb5 Nc5 58.
Rxc5 b3 59. axb3 Kd3 1-0

[Event "*** Titled Tuesday Blitz"]
[Site "Chess.com"]
[Date "2020.04.21"]
[Round "5"]
[White "gvanna"]
[Black "BaMBoMaTTo"]
[Result "1-0"]
[WhiteElo "2463"]
[BlackElo "2691"]
[TimeControl "180+1"]
[EndTime "10:58:03 PDT"]
[Termination "gvanna won by resignation"]

1. e4 c5 2. Nf3 d6 3. d4 cxd4 4. Nxd4 Nf6 5. Nc3 a6 6. Be3 e5 7.
Nb3 Be6 8. f3 h5 9. Qd2 Nbd7 10.
O-O-O b5 11. h3 Rc8 12. Kb1 Qc7 13. Be2 h4 14. f4 Be7 15. f5 Bc4 16. Rhg1 b4 17.
Nd5 Nxd5 18. exd5 Nf6 19. Bf3 e4 20. Be2 Nxd5 21. Bxc4 Nxe3 22. Bxf7+ Kxf7 23. Qxe3 Qxc2+ 24. Ka1 Bf6 25. Nd4 Qc4 26. Qxe4 Rhe8 27. Qg4 Kg8 28. Kb1 Re3 29. Qf4 Rce8 30. Qxd6 Rd3 31. Qd7 Rd8 32. Qxd8+ Bxd8 33. Ne6 Qd4 34. Nxd4 Re3 35.
Rge1 Rg3 36. Re8+ Kf7 37. Rxd8 Rxg2 38. Ra8 Kf6 39. Ra7 Rg3 40. Nb3 Rxh3 41. Rxa6+ Kxf5 42. Rg1 Rg3 43. Ra5+ Kf4 44. Rh1 g5 45. Rb5 Kf3 46.
Rxb4 Kg2 47. Rc1 h3 48. Nd4 h2 49. Ne2 Re3 50. Rg4+ Kh3 51. Rxg5 Rxe2 52. Rh5+ Kg4 53. Rh8 Kg3 54. a4 1-0

[Event "*** Titled Tuesday Blitz"]
[Site "Chess.com"]
[Date "2020.04.21"]
[Round "5"]
[White "murtas73"]
[Black "SPEEDSKATER"]
[Result "0-1"]
[WhiteElo "2613"]
[BlackElo "2793"]
[TimeControl "180+1"]
[EndTime "10:58:05 PDT"]
[Termination "SPEEDSKATER won by resignation"]

1. d4 d5 2. c4 c6 3. cxd5 cxd5 4. Bg5 h6 5. Bh4 Qb6 6. Nc3 e6 7. Qd2 Ne7 8. f3 Nbc6 9. Bf2 Nf5 10. e3 Be7 11.
Bd3 Nd6 12. Nge2 Na5 13. b3 Nc6 14. Rc1 O-O 15. O-O Bd7 16. Na4 Qd8 17. Nc5 Be8 18. Rc2 b6 19. Na4 Nb7 20. e4 Nb4 21. Rc3 Nxd3 22. Qxd3 Nd6 23. e5 Bb5 24. Qc2 Nf5 25. Rc1 Ba3 26. Nb2 Ba6 27. Ng3 Ne7 28. Qb1 Rc8 29.
h3 Qd7 30. Be1 Rxc3 31. Bxc3 Rc8 32. Bd2 Rxc1+ 33. Qxc1 Qc6 34. Qxc6 Nxc6 35. Na4 Nxd4 36. Kf2 Nc6 37. f4 Kf8 38. Ne2 g6 39. Bc1 Be7 40. Be3 h5 41. Nd4 Nxd4 42. Bxd4 Ke8 43. g3 Kd7 44. h4 Kc6 45. Nc3 Bd3 46. Ke3 Bf5 47. Kd2 Bc5 48. Ke3 Bc2 49. Na4 Bf5 50. Nc3 Bc2 51.
Na4 Bb1 52. Nc3 Bf5 53. Na4 Kb5 54. Nc3+ Kb4 55. Na4 Bxd4+ 56. Kxd4 Bb1 57. Nc3 Bf5 58. Ne2 b5 59. Ke3 a6 60. Kd2 Ka3 61. Kc3 b4+ 62. Kd2 Kxa2 63. Nd4 Kb2 64. Ke3 Kc3 0-1

[Event "*** Titled Tuesday Blitz"]
[Site "Chess.com"]
[Date "2020.04.21"]
[Round "5"]
[White "fugadelafuga"]
[Black "yoolund"]
[Result "1/2-1/2"]
[WhiteElo "2401"]
[BlackElo "2547"]
[TimeControl "180+1"]
[EndTime "10:58:05 PDT"]
[Termination "Game drawn - insufficient material"]

1. e4 g6 2. d4 Bg7 3. Nc3 d6 4. f4 a6 5. Nf3 b5 6. Bd3 Nd7 7. O-O c5 8. dxc5 Nxc5 9. Be3 Nf6 10. Bxc5 dxc5 11. e5 Nd7 12. Qe2 O-O 13. a4 b4 14. Ne4 Kh8 15. e6 fxe6 16. Neg5 Rf6 17.
Nxh7 Kxh7 18. Ng5+ Kg8 19. Nxe6 Qb6 20. Bc4 Rxe6 21.
Bxe6+ Kf8 22. a5 Qc6 23. f5 gxf5 24. Rxf5+ Nf6 25. Bd5 Qd6 26. Rxf6+ Qxf6 27. Bxa8 Qxb2 28. Rf1+ Bf6 29. Kh1 b3 30. Be4 Be6 31. Qd3 bxc2 32. Qxc2 Qxc2 33. Bxc2 Bc4 34. Rc1 Bd4 35. Be4 Bb5 36.
h4 Kf7 37. h5 Kg7 38. Rd1 Kh6 39. Bf3 Bc3 40. Rd8 Bxa5 41. Rh8+ Kg7 42. Re8 c4 43. Rxe7+ Kf6 44. Re2 c3 45. Rc2 Bd3 46. Rc1 c2 47.
Bd1 cxd1=Q+ 48. Rxd1 Bf5 49. Rd6+ Kg5 50. Rxa6 Bc3 51. Rc6 Be5 52. Rc5 Bf6 53. h6 Kg6 54.
Rxf5 Kxf5 55. h7 Bh8 56. g4+ Kg6 57. g5 Kxh7 58. Kg2 Kg6 59. Kg3 Kxg5 1/2-1/2

[Event "*** Titled Tuesday Blitz"]
[Site "Chess.com"]
[Date "2020.04.21"]
[Round "5"]
[White "eldidi20"]
[Black "Angel_Hranitel_37"]
[Result "1-0"]
[WhiteElo "2180"]
[BlackElo "2371"]
[TimeControl "180+1"]
[EndTime "10:58:05 PDT"]
[Termination "eldidi20 won by checkmate"]

1. e4 c5 2. Nf3 e6 3. d4 cxd4 4. Nxd4 Nf6 5. Nc3 Nc6 6. Nxc6 bxc6 7. Bd3 e5 8. Bg5 Bb4 9. O-O h6 10. Bh4 Bxc3 11. bxc3 O-O 12. c4 d6 13. Kh1 g5 14.
Bg3 c5 15. Rb1 Bg4 16. Be2 Be6 17. Qd3 Qc7 18. Rfd1 Rfd8 19. f3 Rd7 20. Be1 Rb8 21. Rb3 Nh5 22. g3 Ng7 23. Rdb1 Rb6 24. Rxb6 axb6 25. Qb3 Qa7 26. a4 Rb7 27. a5 b5 28.
Qa2 b4 29. a6 Rb6 30. Ra1 Ne8 31. Qa4 Nc7 32. Qb3 Rxa6 33. Rxa6 Qxa6 34. Kg2 Bd7 35. h4 Ba4 36. Qa2 Bc6 37. Qb3 f6 38. hxg5 hxg5 39.
Bd2 Kg7 40. Kf2 Qa3 41. Qb1 Ba4 42. f4 exf4 43. gxf4 Ne6 44. fxg5 fxg5 45. Qg1 Qb2 46. Bxg5 Nxg5 47. Qxg5+ Kf7 48. Bh5+ Ke6 49. Qf5+ Ke7 50.
Qf7+ Kd8 51. Qf8+ Kc7 52. Qe7+ Bd7 53. Be8 Qd4+ 54. Kf3 Qe5 55. Qxd7+ Kb6 56. Qc6+ Ka7 57. Bd7 Kb8 58. Qb6+ Ka8 59. Bc6# 1-0